 Dungeon Crawl Stone Soup version 0.17-a0-1037-gbf358b4 (webtiles) character file.

77 Vivisectus the Shield-Bearer (level 4, 40/40 HPs)
             Began as a Minotaur Fighter on May 14, 2015.
             Quit the game on level 2 of the Dungeon.
             The game lasted 00:09:33 (1553 turns).

Vivisectus the Shield-Bearer (Minotaur Fighter)     Turns: 1553, Time: 00:09:33

Health: 40/40      AC:  7    Str: 21    XL:     4   Next: 13%
Magic:  3/3        EV:  8    Int:  5    God:
Gold:   70         SH:  9    Dex: 10    Spells: 0 memorised, 3 levels left

rFire  . . .     SeeInvis .     a - +0 war axe
rCold  . . .     Clarity  .     b - +0 scale mail
rNeg   . . .     SustAb   .     c - +0 shield
rPois  .         Gourm    .     (helmet restricted)
rElec  .         Spirit   .     (no cloak)
rCorr  .         Warding  .     (no gloves)
rMut   .         Stasis   .     (no boots)
MR     .....                    (no amulet)
Stlth  ..........               (no ring)
                                (no ring)

@: not resistant to hostile enchantments, extremely unstealthy
A: retaliatory headbutt, horns 2
a: no special abilities


You were on level 2 of the Dungeon.
You were not hungry.

You visited 1 branch of the dungeon, and saw 2 of its levels.

You collected 70 gold pieces.

Inventory:

Hand weapons
 a - a +0 war axe (weapon)
 j - a +0 dagger
 n - a +0 short sword of speed
 r - a +0 trident
 u - a +0 spear
Missiles
 h - 19 bolts
Armour
 b - a +0 scale mail (worn)
 c - a +0 shield (worn)
 s - a +0 scale mail
Jewellery
 i - an uncursed ring of wizardry
Scrolls
 m - a scroll of identify
 p - a scroll of enchant weapon {unknown}
 q - 2 scrolls of recharging {unknown}
Potions
 d - a potion of might
 g - a potion of flight {unknown}
 k - a potion of magic {unknown}
 o - a potion of heal wounds {unknown}
Comestibles
 e - 4 bread rations
 f - a slice of pizza
 l - a meat ration
 t - 3 chunks of flesh


   Skills:
 + Level 4.2 Fighting
 + Level 2.7 Axes
 + Level 4.3 Armour
 + Level 0.9 Dodging
 + Level 4.7 Shields


You had 3 spell levels left.
You didn't know any spells.

Dungeon Overview and Level Annotations

Branches:
Dungeon (2/15)

Altars:
Nemelex Xobeh
Vehumet
Xom
Yredelemnul
The Shining One


Innate Abilities, Weirdness & Mutations

You reflexively headbutt those who attack you in melee.
You have a pair of horns on your head.


Message History

You closely miss the hobgoblin. You headbutt the hobgoblin.
You kill the hobgoblin!
Found 14 gold pieces.
You see here a hobgoblin corpse.
You butcher the hobgoblin corpse.
t - 4 chunks of flesh You see here a hobgoblin skeleton.
Eat one of 4 chunks of flesh? (ye/n/q/i?) This raw flesh tastes terrible.
You continue eating. x2
You now have 70 gold pieces (gained 14).
You see here a hobgoblin skeleton.
You see here a naga barding.
Found a spear.
You see here a spear.
u - a spear
Found a stone staircase leading up.
Drink which item? (? for menu, Esc to quit)
Okay, then.
Are you sure you want to abandon this character and quit the game? (Confirm with "yes".)

#######...#.##..#.#
########.....#.##.#
#......#..##.._...#
#.####.#..##.#.####
#.# #.#.....#.# ..#
#.##..###.#
######.##..# #.#
.......###.# #.#######
........# .# #..@....#
........# #######.#
........##..######...#
........# #<.......###
........# #..####..#
........# #..#
.....#### #..######
.....# #.......#
########### #.#####.#


There were no monsters in sight!

Vanquished Creatures
  Jessica (D:2)
  Terence (D:2)
  An ooze (D:2)
  A worm (D:2)
  2 giant geckos
  6 bats
  6 goblins
  6 hobgoblins
  4 kobolds
  A ball python (D:2)
  A giant cockroach (D:2)
  2 giant newts
  5 rats
37 creatures vanquished.

Vanquished Creatures (others)
  A hobgoblin (D:2)
1 creature vanquished.

Grand Total: 38 creatures vanquished

Notes
Turn   | Place    | Note
--------------------------------------------------------------
     0 | D:1      | Vivisectus the Minotaur Fighter began the quest for the Orb.
     0 | D:1      | Reached XP level 1. HP: 19/19 MP: 0/0
   203 | D:1      | Reached skill level 4 in Shields
   247 | D:1      | Reached XP level 2. HP: 27/27 MP: 1/1
   721 | D:2      | Noticed Jessica
   726 | D:2      | Killed Jessica
   726 | D:2      | Reached XP level 3. HP: 31/33 MP: 2/2
   767 | D:2      | Found a radiant altar of Vehumet.
  1030 | D:2      | Found a sparkling altar of Nemelex Xobeh.
  1073 | D:2      | Reached XP level 4. HP: 38/40 MP: 3/3
  1128 | D:2      | Found a glowing golden altar of the Shining One.
  1128 | D:2      | Noticed Terence
  1130 | D:2      | Noticed an angel
  1134 | D:2      | Killed Terence
  1149 | D:2      | Found a basalt altar of Yredelemnul.
  1151 | D:2      | Noticed a profane servitor
  1265 | D:2      | Found a shimmering altar of Xom.
  1553 | D:2      | Quit the game

Vault maps used:
D:1:      lightli_arrival_boilingwater
D:2:      grunt_temple_overflow_holy_war, lemuel_crystal_altar,
          nemelex_altar_shiori, lemuel_statue_altar, uniq_jessica, uniq_terence

Action                   |  1- 3 |  4- 6 || total
-------------------------+-------+-------++-------
Melee: War axe           |    51 |    16 ||    67
       Short sword       |     5 |       ||     5
  Use: Scroll            |     1 |     1 ||     2
  Eat: Chunk             |       |     2 ||     2
